 Dungeon Crawl Stone Soup version 0.28.0-53-g5a82cb258f (webtiles) character file.

Game seed: 6552898285522766295

17430 issech the Basher (level 12, -50/99 HPs)
             Began as a Minotaur Monk on June 17, 2022.
             Was an Elder of Hepliaklqana.
             Killed from afar by Roxanne (65 damage)
             ... with a crystal spear
             ... on level 15 of the Dungeon.
             The game lasted 00:48:26 (14452 turns).

issech the Basher (Minotaur Monk)                  Turns: 14452, Time: 00:48:27

Health: -50/99     AC: 16    Str: 22    XL:     12   Next: 18%
Magic:  11/11      EV: 16    Int:  7    God:    Hepliaklqana [****..]
Gold:   943        SH:  0    Dex: 24    Spells: 11/11 levels left

rFire   + . .      SeeInvis .   a - +6 mace of Cibad {flame, *Noise rF+ Will+ Dex+6}
rCold   . . .      Faith    .   (no shield)
rNeg    . . .      Spirit   .   y - +2 scale mail {rPois}
rPois   +          Reflect  .   (helmet restricted)
rElec   .          Harm     .   s - +2 cloak {Will+}
rCorr   .          Rampage  .   O - +0 pair of gloves
Will    +++..                   (no boots)
Stlth   ++........              (no amulet)
HPRegen 0.26/turn               Q - +6 ring of strength
MPRegen 0.12/turn               Z - ring of willpower

@: no status effects
A: reduced essence, horns 2, retaliatory headbutt
a: Renounce Religion, Recall Ancestor, Ancestor Identity, Transference, Idealise


You were on level 15 of the Dungeon.
You worshipped Hepliaklqana.
Hepliaklqana was greatly pleased with you.
You visited 2 branches of the dungeon, and saw 14 of its levels.

You collected 943 gold pieces.

Inventory:

Hand Weapons
 a - the +6 mace of Cibad (weapon) {flame, *Noise rF+ Will+ Dex+6}
   (You found it on level 4 of the Dungeon)

   It burns those it strikes, dealing additional fire damage.
   Dex:       It affects your dexterity (+6).
   rF:        It protects you from fire.
   *Noise:    It may make noises in combat.
   Will:      It increases your willpower.
 b - a +5 trident of venom
 h - the +7 dagger "Woep" {freeze, Will+ Dex+4}
   (You took it off an orc priest on level 11 of the Dungeon)

   It freezes those it strikes, dealing additional cold damage.
   It can also slow down cold-blooded creatures.
   Dex:       It affects your dexterity (+4).
   Will:      It increases your willpower.
 k - a +2 shortbow of flaming
 w - a +7 flail
Missiles
 d - 14 poisoned darts
 e - 372 stones
 f - 56 sling bullets
 i - 201 arrows
 m - 2 curare-tipped darts
 v - 19 bolts
 K - 3 silver boomerangs
 M - 11 boomerangs (quivered)
 V - 4 atropa-tipped darts
 X - 4 throwing nets
Armour
 s - a +2 cloak of willpower (worn)
 y - a +2 scale mail of poison resistance (worn)
 D - a +0 plate armour
 E - a +0 troll leather armour
 O - a +0 pair of gloves (worn)
Jewellery
 F - a ring of ice
 Q - a +6 ring of strength (left hand)
 Z - a ring of willpower (right hand)
Wands
 n - a wand of flame (28)
 u - a wand of polymorph (12)
 I - a wand of iceblast (4)
 W - a wand of acid (1)
Scrolls
 c - 3 scrolls of enchant weapon
 g - 2 scrolls of enchant armour
 o - a scroll of holy word
 t - a scroll of silence
 B - 2 scrolls of magic mapping
 C - 4 scrolls of teleportation
 G - a scroll of amnesia
 S - a scroll of summoning
Potions
 j - a potion of magic {unknown}
 l - a potion of resistance {unknown}
 p - 3 potions of curing
 q - a potion of brilliance {unknown}
 r - 2 potions of attraction {unknown}
 x - 2 potions of cancellation {unknown}
 z - a potion of ambrosia {unknown}
 A - 2 potions of heal wounds {unknown}
 L - 5 potions of degeneration {unknown}
 P - 2 potions of flight {unknown}
 T - a potion of mutation {unknown}
 U - a potion of lignification {unknown}
 Y - a potion of haste {unknown}
Miscellaneous
 H - a piece from Xom's chessboard (14/15)


   Skills:
 + Level 11.4 Fighting
 + Level 6.1(10.8) Axes
 + Level 13.8(14.3) Maces & Flails
 + Level 2.5 Throwing
 + Level 11.9 Armour
 + Level 7.3 Dodging
 + Level 5.2 Stealth
 + Level 0.3 Evocations


You had 11 spell levels left.
You didn't know any spells.
Your spell library contained the following spells:

 Spells                   Type           Power      Damage    Failure   Level
 Magic Dart               Conj           0%         1d3       69%         1
 Call Imp                 Summ           0%         N/A       83%         2
 Searing Ray              Conj           0%         2d4       83%         2
 Mephitic Cloud           Conj/Pois/Air  0%         N/A       96%         3
 Fulminant Prism          Conj/Hex       0%         3d6       100%        4
 Passage of Golubria      Tloc           0%         N/A       100%        4
 Silence                  Hex/Air        0%         N/A       100%        5
 Lehudib's Crystal Spear  Conj/Erth      0%         10d2      100%        8


Dungeon Overview and Level Annotations

Branches:
Dungeon (15/15)            Temple (1/1) D:6            Lair (0/6) D:9
    Orc (0/2) D:11
 Vaults: D:13-14     Depths: D:15

Altars:
Ashenzari
Cheibriados
Dithmenos
Elyvilon
Fedhas
Gozag
Hepliaklqana
Kikubaaqudgha
Makhleb
Nemelex Xobeh
Okawaru
Qazlal
Ru
Sif Muna
Trog
Uskayaw
Vehumet
Wu Jian
Xom
Yredelemnul
Zin
The Shining One

Shops:
D:7 ((=[

Annotations:
D:15 Roxanne


Innate Abilities, Weirdness & Mutations

Your life essence is reduced to manifest your ancestor. (-10% HP)
You have a pair of horns on your head.
You reflexively headbutt those who attack you in melee.


Message History

a +0 club; a +0 robe Done exploring.
You swap places.
Things that are here:
a +0 trident; a +0 leather armour
There is a stone staircase leading down here.
You climb downwards.
Found 7 gold pieces, a green potion and a throwing net.
There is a stone staircase leading up here.
You swap places.
Found a hunting sling.
Found 18 gold pieces.
Found a scroll of silence.
A sourceless malevolence fills the Dungeon...
You fall into a shaft and drop 3 floors!
The shaft crumbles and collapses.
Roxanne, Geomancer Emeritus comes into view.
Marking area around Roxanne as unsafe for travelling.
Found a robe and 8 gold pieces.
Found 16 stones and a scroll labelled KYSTASYTWIO.
Roxanne casts a spell.
The crystal spear hits you!!
You hit Roxanne but do no damage. You headbutt Roxanne, but do no damage.
You completely miss Roxanne.
Roxanne casts a spell.
The crystal spear hits you!!!
Ouch! That really hurt!
* * * LOW HITPOINT WARNING * * *
A deep elf pyromancer comes into view.
It is wielding a +0 short sword of holy wrath.
You thump Roxanne!
Roxanne is lightly damaged.
You hit Roxanne. You headbutt Roxanne.
Roxanne is lightly damaged.
Unknown command.
You hit Roxanne but do no damage. You headbutt Roxanne, but do no damage.
Roxanne is lightly damaged.
Roxanne casts a spell.
The crystal spear hits you!!!
Ouch! That really hurt!
You die...

# ##+#######.#
..... ..e
########.###.#####
...........@[....#
.#######.#..8..#.#
#$#.....#
#.........#
(......####
........?
........###
.........#


You could see Roxanne and a deep elf pyromancer.

Vanquished Creatures
  Erica (D:9)
  3 two-headed ogres
  An ugly thing (D:11)
  Maurice (D:9)
  A gargoyle (D:11)
  An efreet (D:8)
  Prince Ribbit (D:9)
  3 trolls
  4 wyverns
  24 yaks
  A steam dragon (D:6)
  A vampire mosquito (D:9)
  3 water moccasins (D:9)
  An acid dragon (D:11)
  2 black bears
  2 sky beasts
  3 centaurs
  A phantom (D:6)
  A kobold brigand (D:11)
  A gnoll sergeant (D:6)
  2 scorpions (D:5)
  3 howler monkeys (D:11)
  4 wights (D:4)
  A centaur zombie (D:7)
  A bullfrog skeleton (D:5)
  A centaur skeleton (D:6)
  A gnoll shaman (D:9)
  4 orc priests
  2 hounds
  2 jellies
  2 iguanas (D:5)
  Terence (D:3)
  9 orc wizards
  A hound skeleton (D:5)
  3 howler monkey zombies
  15 gnolls
  8 adders
  A white imp (D:5)
  6 worms
  4 dart slugs
  34 orcs
  13 ball pythons
  9 bats
  9 endoplasms
  2 giant cockroaches
  9 goblins
  3 hobgoblins
  8 quokkas
  2 frilled lizards
  12 kobolds
  4 rats
  2 bushes (D:9)
234 creatures vanquished.

Vanquished Creatures (collateral kills)
  The ghost of mdk the Fighter, a novice MiHu of Okawaru (D:10)
  2 two-headed ogres
  A manticore (D:6)
  2 kobold demonologists (D:11)
  2 trolls
  A wyvern (D:11)
  A wraith (D:9)
  7 yaks
  A warg (D:11)
  2 water moccasins
  4 orc warriors
  A hornet zombie (D:7)
  2 sky beasts
  A centaur (D:8)
  A kobold brigand (D:11)
  3 gnoll sergeants
  A wight (D:8)
  A howler monkey (D:8)
  A jelly (D:6)
  3 orc priests
  An iguana (D:6)
  2 orc wizards
  2 howler monkey zombies
  4 gnolls
  2 orcs
  2 goblins (D:7)
  A kobold (D:11)
52 creatures vanquished.

Vanquished Creatures (others)
  3 battlemagi
  A gnoll (D:6)
  8 fungi
  11 plants (D:9)
  4 toadstools (D:11)
27 creatures vanquished.

Grand Total: 313 creatures vanquished

Notes
Turn   | Place    | Note
-------+----------+-------------------------------------------
     0 | D:1      | issech the Minotaur Monk began the quest for the Orb.
     0 | D:1      | Reached XP level 1. HP: 19/19 MP: 0/0
   406 | D:1      | Reached XP level 2. HP: 27/27 MP: 1/1
   665 | D:1      | Found a faded altar of an unknown god.
  1053 | D:2      | Reached XP level 3. HP: 29/33 MP: 2/2
  1503 | D:2      | Found a glowing silver altar of Zin.
  1976 | D:2      | Reached XP level 4. HP: 40/40 MP: 3/3
  2165 | D:2      | Reached skill level 1 in Armour
  2304 | D:2      | Reached skill level 5 in Axes
  2827 | D:3      | Noticed Terence
  2841 | D:3      | Killed Terence
  3111 | D:3      | Found an ancient bone altar of Kikubaaqudgha.
  3113 | D:3      | Found a broken altar of Ashenzari.
  3113 | D:3      | Found a blossoming altar of Fedhas.
  3113 | D:3      | Found a burning altar of Makhleb.
  3113 | D:3      | Found a shadowy altar of Dithmenos.
  3122 | D:3      | Reached XP level 5. HP: 45/47 MP: 4/4
  3493 | D:4      | Identified the +6 mace of Cibad {flame, *Noise rF+ Will+
                  | Dex+6}
  3569 | D:4      | Found a sparkling altar of Nemelex Xobeh.
  3612 | D:4      | Noticed a black bear
  3623 | D:4      | Killed a black bear
  3624 | D:4      | Reached skill level 1 in Maces & Flails
  3624 | D:4      | Reached XP level 6. HP: 18/55 MP: 5/5
  4075 | D:4      | Reached skill level 5 in Fighting
  4086 | D:4      | Reached skill level 2 in Maces & Flails
  4594 | D:4      | Reached skill level 3 in Maces & Flails
  4595 | D:4      | Reached XP level 7. HP: 46/61 MP: 6/6
  4806 | D:5      | Entered Level 5 of the Dungeon
  5008 | D:5      | Found a snail-covered altar of Cheibriados.
  5012 | D:5      | Reached skill level 4 in Maces & Flails
  5039 | D:5      | Found a hide-covered altar of Uskayaw.
  5041 | D:5      | Found a stormy altar of Qazlal.
  5160 | D:5      | Reached skill level 5 in Maces & Flails
  5989 | D:6      | Noticed a steam dragon
  5995 | D:6      | Killed a steam dragon
  5996 | D:6      | Reached skill level 6 in Maces & Flails
  5996 | D:6      | Reached skill level 5 in Armour
  5996 | D:6      | Reached XP level 8. HP: 66/69 MP: 7/7
  6035 | D:6      | Found a staircase to the Ecumenical Temple.
  6061 | Temple   | Entered the Ecumenical Temple
  6161 | Temple   | Became a worshipper of Hepliaklqana the Forgotten
  6161 | Temple   | Reached * piety under Hepliaklqana
  6161 | Temple   | Reached ** piety under Hepliaklqana
  6162 | Temple   | Remembered your ancestor Dagmar as a battlemage
  6418 | D:6      | Reached skill level 7 in Maces & Flails
  6453 | D:6      | Noticed a manticore
  6461 | D:6      | HP: 2/63 [manticore (15)]
  6461 | D:6      | Killed a manticore
  6462 | D:6      | Reached skill level 8 in Maces & Flails
  6484 | D:6      | Reached XP level 9. HP: 7/67 MP: 8/8
  7776 | D:7      | Found Zulita's Jewellery Boutique.
  7802 | D:7      | Found Waoricau's Antique Weapon Boutique.
  7845 | D:7      | Found an iron altar of Okawaru.
  7958 | D:7      | Found Zuizxal's Antique Weapon Shoppe.
  8428 | D:7      | Found Jupnezan's Antique Armour Shop.
  8805 | D:8      | Noticed a two-headed ogre
  8812 | D:8      | Killed a two-headed ogre
  8813 | D:8      | Reached skill level 9 in Maces & Flails
  8813 | D:8      | Reached skill level 5 in Dodging
  9496 | D:8      | Noticed an efreet
  9505 | D:8      | Killed an efreet
  9506 | D:8      | Reached skill level 1 in Throwing
  9611 | D:8      | Reached *** piety under Hepliaklqana
  9660 | D:8      | Noticed a two-headed ogre
  9687 | D:8      | Reached XP level 10. HP: 65/77 MP: 9/9
  9694 | D:8      | Killed a two-headed ogre
  9695 | D:8      | Reached skill level 10 in Maces & Flails
 10188 | D:9      | Reached skill level 10 in Armour
 10191 | D:9      | Noticed Maurice
 10509 | D:9      | Killed Maurice
 10510 | D:9      | Reached skill level 11 in Maces & Flails
 10965 | D:9      | Found a staircase to the Lair.
 10974 | D:9      | Reached XP level 11. HP: 71/87 MP: 10/10
 10995 | D:9      | Noticed Prince Ribbit
 11005 | D:9      | Killed Prince Ribbit
 11243 | D:9      | Found a glowing silver altar of Zin.
 11306 | D:9      | Noticed Erica
 11324 | D:9      | Killed Erica
 11444 | D:9      | Reached skill level 12 in Maces & Flails
 11669 | D:9      | Noticed a two-headed ogre
 11677 | D:9      | Killed a two-headed ogre
 12104 | D:10     | Entered Level 10 of the Dungeon
 12206 | D:10     | Reached skill level 10 in Fighting
 12507 | D:10     | Reached **** piety under Hepliaklqana
 12669 | D:10     | Reached skill level 5 in Stealth
 12676 | D:10     | Reached skill level 13 in Maces & Flails
 12713 | D:10     | Found a large runed translucent door.
 12713 | D:10     | Noticed mdk's ghost (novice MiHu)
 12715 | D:10     | Found a large runed translucent door.
 13061 | D:10     | Killed mdk's ghost
 13238 | D:11     | Noticed a two-headed ogre
 13242 | D:11     | Killed a two-headed ogre
 13242 | D:11     | Noticed a red ugly thing
 13252 | D:11     | Killed a red ugly thing
 13529 | D:11     | Reached XP level 12. HP: 72/97 MP: 11/11
 13550 | D:11     | Noticed a two-headed ogre
 13626 | D:11     | Killed a two-headed ogre
 13720 | D:11     | Identified the +7 dagger "Woep" {freeze, Will+ Dex+4}
 13824 | D:11     | Found a staircase to the Orcish Mines.
 14443 | D:12     | You fall into a shaft and drop 3 floors!
 14443 | D:15     | Entered Level 15 of the Dungeon
 14443 | D:15     | Noticed Roxanne
 14452 | D:15     | Killed from afar by Roxanne

Illustrated notes

Levels and vault maps discovered:
D:1:      dpeg_arrival_long_road, layout_basic,
          hellmonk_ecumenical_altar_prayer_group
D:2:      layout_basic, basic_altar, minmay_pentomino_u2
D:3:      layout_loops_ring, grunt_temple_overflow_open, uniq_terence
D:4:      minmay_octagon_keep, layout_cave_pods, nemelex_diamond_rough_becter
D:5:      layout_basic, nicolae_uskayaw_suspiria,
          mainiacjoe_overflow_catwalk_spiral
D:6:      layout_basic, minmay_temple_entry_slanted, grunt_ministairs_10,
          serial_park_tiny_pond
D:7:      layout_basic, kennysheep_okawaru_gauntlet, serial_shops,
          nicolae_shop_trees, shop, nicolae_shop_statue_plus, shop,
          serial_curves, eino_curves_02, eino_curves_02
D:8:      kennysheep_blocky_hall, layout_basic, grunt_tough_drop
D:9:      layout_loops_ring, lemuel_doored_altar, minmay_lair_entry_grove,
          uniq_erica, uniq_maurice, uniq_prince_ribbit1
D:10:     layout_basic, ebering_ghost_disaster_area
D:11:     layout_small_grid, david_orc_3, minmay_gold_behind_fungi
D:12:     layout_gridville, uniq_erolcha, uniq_nergalle
D:15:     hangedman_depths_entry_civil_slaughter, layout_basic,
          vehumet_crystals, kiku_gazebo_pond_becter, uniq_roxanne
Temple:   minmay_temple_curvy_loop

Skill      XL: |  1  2  3  4  5  6  7  8  9 10 11 12 |
---------------+-------------------------------------+-----
Fighting       | 4 5 6 7 9 10 11 | 11.4
Axes           | 4 5 6 |  6.1
Armour         | 1 2 3 5 6 9 10 11 | 11.9
Dodging        | 4 5 6 7 |  7.3
Maces & Flails | 1 3 6 8 9 11 13 | 13.8
Stealth        | 2 3 4 5 |  5.2
Throwing       | 1 2 |  2.5
Evocations     | |  0.3

Action                   |  1- 3 |  4- 6 |  7- 9 | 10-12 || total
-------------------------+-------+-------+-------+-------++-------
Melee: Hand axe          |   116 |    80 |       |       ||   196
       Headbutt          |    17 |    24 |    22 |    77 ||   140
       Mace              |       |    47 |   126 |   339 ||   512
       War axe           |       |     2 |       |       ||     2
       Punch             |       |     2 |     1 |     7 ||    10
       Staff             |       |       |     1 |       ||     1
Throw: Boomerang         |       |       |     3 |    19 ||    22
Invok: Ancestor Life: Ba |       |       |     1 |       ||     1
Evoke: Wand              |       |     2 |       |       ||     2
       Piece from Xom's  |       |       |       |     1 ||     1
  Use: Scroll            |       |       |     4 |     7 ||    11
       Potion            |       |       |       |     1 ||     1
 Stab: Sleeping          |     2 |       |     2 |       ||     4
       Distracted        |       |       |     3 |     3 ||     6
Armor: Robe              |     9 |       |       |       ||     9
       Ring mail         |    20 |     7 |       |       ||    27
       Scale mail        |       |    56 |    47 |    92 ||   195
Dodge: Dodged            |    80 |    75 |    76 |   200 ||   431
